 Dungeon Crawl Stone Soup version 0.17.1-1-g73c8601 (webtiles) character file.

1348 lucasterio the Basher (level 8, -1/64 HPs)
             Began as a Minotaur Berserker on Dec 18, 2015.
             Was an Elder of Trog.
             Slain by an ogre
             ... wielding a +0 giant club
              (14 damage)
             ... on level 8 of the Dungeon.
             The game lasted 00:16:39 (5084 turns).

lucasterio the Basher (Minotaur Berserker)          Turns: 5084, Time: 00:16:39

Health: -1/64      AC: 16    Str: 23    XL:     8   Next: 36%
Magic:  7/7        EV:  9    Int:  4    God:    Trog [****..]
Gold:   249        SH:  0    Dex: 11    Spells: 0 memorised, 7 levels left

rFire  + . .     SeeInvis .     y - +0 flail
rCold  . . .     Clarity  +     A - +0 chain mail
rNeg   . . .     SustAt   .     (no shield)
rPois  .         Gourm    .     N - +1 hat
rElec  .         Spirit   .     h - +0 cloak
rCorr  .         Warding  .     (no gloves)
rMut   .         Stasis   .     Q - +2 pair of boots
MR     .....                    F - amulet of clarity
Stlth  ..........               D - ring of invisibility
                                s - ring of protection from fire

@: exhausted, slowed, very slow, not resistant to hostile enchantments,
extremely unstealthy
A: retaliatory headbutt, horns 2
a: Berserk, Trog's Hand, Brothers in Arms, Burn Spellbooks, Renounce Religion,
Evoke Invisibility


You were on level 8 of the Dungeon.
You worshipped Trog.
Trog was greatly pleased with you.
You were near starving.

You visited 1 branch of the dungeon, and saw 7 of its levels.
You also visited: Ossuary.

You collected 297 gold pieces.
You spent 48 gold pieces at shops.

Inventory:

Hand Weapons
 a - a +0 mace
 y - a +0 flail (weapon)
 z - a +0 morningstar
Missiles
 n - 38 arrows
 P - 4 poisoned javelins (quivered)
Armour
 h - a +0 cloak (worn)
 j - a +0 ring mail
 p - a +0 leather armour of poison resistance
 q - a +0 hat
 t - a +0 plate armour
 A - a +0 chain mail (worn)
 N - a +1 hat (worn)
 Q - a +2 pair of boots (worn)
Jewellery
 s - a ring of protection from fire (left hand)
 D - a ring of invisibility (right hand)
 F - an amulet of clarity (around neck)
Wands
 L - a wand of lightning (11)
Scrolls
 b - 4 scrolls of identify {unknown}
 e - 3 scrolls of enchant weapon {unknown}
 f - 3 scrolls of recharging {unknown}
 g - 3 scrolls of magic mapping {unknown}
 k - 6 scrolls of teleportation
 l - 3 scrolls of remove curse {unknown}
 r - 3 scrolls of immolation {unknown}
 x - 5 scrolls of enchant armour {unknown}
 E - a scroll of fear {unknown}
 G - 2 scrolls of fog {unknown}
 H - a scroll of noise {unknown}
 I - a scroll of random uselessness
Potions
 o - 2 potions of lignification {unknown}
 u - 2 potions of invisibility {unknown}
 v - 2 potions of curing {unknown}
 w - a potion of brilliance {unknown}
 B - 5 potions of heal wounds {unknown}
 C - a potion of poison {unknown}
 K - a potion of ambrosia {unknown}
 M - a potion of agility {unknown}
Miscellaneous
 i - a plain deck of defence
Comestibles
 c - 7 bread rations
 d - 6 meat rations
 m - 2 slices of pizza
 O - a beef jerky


   Skills:
 - Level 3.6 Fighting
 * Level 10.5 Maces & Flails
 + Level 7.5 Armour
 - Level 2.1 Dodging


You had 7 spell levels left.
You didn't know any spells.

Dungeon Overview and Level Annotations

Branches:
Dungeon (8/15)             Temple (0/1) D:4
   Lair: D:8-11

Altars:
Ashenzari
Cheibriados
Nemelex Xobeh
Okawaru
Ru
Trog
Zin

Shops:
D:5 *


Innate Abilities, Weirdness & Mutations

You reflexively headbutt those who attack you in melee.
You have a pair of horns on your head.


Message History

The puff of flame hits you!
The ogre moves out of view.
Something hits you but does no damage.
You sock something! Trog accepts your kill.
Trog appreciates your killing of a magic user.
Reactivating autopickup.
You feel a bit more experienced.
Items here: ( ))))) [[[[ ††††† Butcher an orc corpse? [(y)es/(c)hop/(n)o/(a)ll/(q)uit/?]
Okay, then.
The ogre hits you with a giant club!
* * * LOW HITPOINT WARNING * * *
You hit the ogre.
The ogre is lightly wounded.
The ogre hits you with a giant club.
* * * LOW HITPOINT WARNING * * *
You sock the ogre! You headbutt the ogre!
The ogre is severely wounded.
The ogre hits you with a giant club!
You die...

... # .... #.##.# .
... .... ..
..#.####O####.# ..%.
#.#....)).....#
....##.######)######
..............#
............(.#
...%...@O.....#
....##$...(.###
######## . #...(..#
#....... #..(...#
###...#.. #......#
#........ +......#
#.#...#.. #......#
#........ ###'####
#.#######
#.#######..#


You could see an ogre.

Vanquished Creatures
  Joseph (D:8)
  An ogre (D:8)
  A giant frog (D:6)
  A scorpion (D:4)
  A vampire bat (D:3)
  A crimson imp (D:5)
  3 human zombies (Ossuary)
  3 orc priests (D:4)
  A hound (D:5)
  An iguana (D:4)
  A centaur skeleton (D:6)
  2 worker ants (D:4)
  6 orc wizards
  4 mummies (Ossuary)
  5 adders
  3 gnolls (D:4)
  An adder zombie (Ossuary)
  An ooze (D:2)
  3 worms
  2 giant geckos
  31 orcs
  6 giant cockroaches
  4 gnoll zombies (Ossuary)
  5 hobgoblins
  10 jackals
  3 quokkas
  A ball python (D:2)
  14 bats
  6 giant newts
  8 goblins
  A hobgoblin zombie (Ossuary)
  A jackal zombie (Ossuary)
  7 kobolds
  A quokka zombie (D:5)
  4 rats
  2 rat zombies (Ossuary)
146 creatures vanquished.

Notes
Turn   | Place    | Note
--------------------------------------------------------------
     0 | D:1      | lucasterio the Minotaur Berserker began the quest for the Orb.
     0 | D:1      | Reached XP level 1. HP: 19/19 MP: 0/0
   767 | D:2      | Reached skill level 4 in Maces & Flails
   835 | D:2      | Reached XP level 2. HP: 16/26 MP: 1/1
  1179 | D:2      | Reached XP level 3. HP: 31/31 MP: 2/2
  1378 | D:2      | Reached skill level 5 in Maces & Flails
  1616 | D:2      | Found a sparkling altar of Nemelex Xobeh.
  1975 | D:3      | Reached ** piety under Trog
  1993 | D:3      | Reached XP level 4. HP: 21/39 MP: 3/3
  2311 | D:3      | Found a snail-covered altar of Cheibriados.
  2322 | D:3      | Reached skill level 6 in Maces & Flails
  2459 | D:3      | Reached XP level 5. HP: 45/45 MP: 4/4
  2471 | D:3      | Reached *** piety under Trog
  2739 | D:4      | Found a shattered altar of Ashenzari.
  3090 | D:4      | Reached skill level 7 in Maces & Flails
  3155 | D:4      | Reached XP level 6. HP: 35/51 MP: 5/5
  3192 | D:4      | Found a staircase to the Ecumenical Temple.
  3205 | D:4      | Reached skill level 5 in Armour
  3563 | D:4      | Reached **** piety under Trog
  3570 | D:4      | Reached skill level 8 in Maces & Flails
  4064 | D:5      | Entered Level 5 of the Dungeon
  4131 | D:5      | Reached XP level 7. HP: 57/57 MP: 6/6
  4231 | D:5      | Found a glowing silver altar of Zin.
  4239 | D:5      | Found Mirreise's General Store.
  4244 | D:5      | Bought a scroll of teleportation for 36 gold pieces
  4244 | D:5      | Bought a scroll of random uselessness for 12 gold pieces
  4462 | D:5      | Found a bloodstained altar of Trog.
  4668 | D:6      | Found a sand-covered staircase.
  4678 | Ossuary  | Entered an ossuary
  4691 | Ossuary  | Reached skill level 9 in Maces & Flails
  4944 | D:6      | You fall through a shaft for 2 floors!
  4944 | D:8      | Found an iron altar of Okawaru.
  5036 | D:8      | Noticed Joseph
  5042 | D:8      | Found a sacrificial altar of Ru.
  5057 | D:8      | Killed Joseph
  5057 | D:8      | Reached skill level 10 in Maces & Flails
  5057 | D:8      | Reached XP level 8. HP: 22/64 MP: 7/7
  5084 | D:8      | Slain by an ogre

Action                   |  1- 3 |  4- 6 |  7- 9 || total
-------------------------+-------+-------+-------++-------
Melee: Mace              |    89 |    82 |       ||   171
       Flail             |       |    76 |   127 ||   203
Invok: Berserk           |       |     1 |     2 ||     3
  Eat: Chunk             |     2 |     9 |     4 ||    15
